 Dungeon Crawl Stone Soup version 0.17.1-3-g152610e (webtiles) character file.

19 juanjsm the Digger (level 2, 0/15 HPs)
             Began as a Gargoyle Earth Elementalist on Mar 14, 2016.
             Slain by a kobold (3 damage)
             ... on level 2 of the Dungeon.
             The game lasted 00:05:38 (959 turns).

juanjsm the Digger (Gargoyle Earth Elementalist)     Turns: 959, Time: 00:05:39

Health: 0/15       AC:  4    Str: 11    XL:     2   Next: 75%
Magic:  1/5        EV: 12    Int: 15    God:
Gold:   22         SH:  0    Dex: 10    Spells: 1 memorised, 4 levels left

rFire  . . .     SeeInvis .     (no weapon)
rCold  . . .     Clarity  .     a - +0 robe
rNeg   + . .     SustAt   .     (no shield)
rPois  ∞         Gourm    .     (no helmet)
rElec  +         Spirit   .     (no cloak)
rCorr  .         Warding  .     (no gloves)
rMut   .         Stasis   .     (no boots)
MR     .....                    (no amulet)
Stlth  ++........               (no ring)
                                j - ring of poison resistance

@: not resistant to hostile enchantments, unstealthy
A: negative energy resistance 1, electricity resistance, unbreathing,
petrification resistance, rot immunity, AC +2
a: no special abilities


You were on level 2 of the Dungeon.
You were not hungry.

You visited 1 branch of the dungeon, and saw 2 of its levels.

You collected 22 gold pieces.

Inventory:

Hand Weapons
 f - a +2 dagger of venom
 h - a +1 dagger of venom
Missiles
 b - 68 stones (quivered)
Armour
 a - a +0 robe (worn)
 k - a cursed +0 scale mail
Jewellery
 j - a ring of poison resistance (left hand)
Scrolls
 e - a scroll of identify {unknown}
Potions
 g - 2 potions of magic {unknown}
Books
 c - a book of Geomancy

   Spells                             Type                      Level
   a - Sandblast                      Earth                        1
   b - Stoneskin                      Transmutation/Earth          2
   c - Passwall                       Transmutation/Earth          3
   d - Stone Arrow                    Conjuration/Earth            3
   e - Petrify                        Transmutation/Earth          4
   f - Lee's Rapid Deconstruction     Earth                        5
Comestibles
 d - a bread ration
 i - 6 chunks of flesh


   Skills:
 + Level 0.1 Throwing
 + Level 1.7 Dodging
 + Level 2.3 Stealth
 + Level 0.4 Unarmed Combat
 + Level 2.2 Spellcasting
   Level 0.7 Transmutations
 + Level 4.0 Earth Magic


You had 4 spell levels left.
You knew the following spells:

 Your Spells              Type           Power        Failure   Level  Hunger
a - Sandblast             Erth           ##....       4%          1    #......


Dungeon Overview and Level Annotations

Branches:
Dungeon (2/15)

Altars:


Innate Abilities, Weirdness & Mutations

You are resistant to torment.
Your stone body is resilient (AC +2).
You are immune to poison.
You resist negative energy.
You are resistant to electric shocks.
You can survive without breathing.
You are immune to petrification.
You are immune to rotting.


Message History

Aiming: Sandblast
Press: ? - help, Shift-Dir - straight line, f/p - kobold
Aim: a kobold (moderately wounded)
The blast of sand misses the kobold.
The kobold barely misses you.
You closely miss the kobold. The kobold hits you but does no damage.
You hit the kobold but do no damage. The kobold misses you.
You barely miss the kobold. The kobold hits you.
You barely miss the kobold. The kobold closely misses you.
You closely miss the kobold. The kobold hits you.
You barely miss the kobold. The kobold closely misses you.
You hit the kobold but do no damage. The kobold hits you.
* * * LOW HITPOINT WARNING * * *
You are too injured to fight recklessly!
You are too injured to fight recklessly!
You are too injured to fight recklessly!
You are too injured to fight recklessly!
You are too injured to fight recklessly!
You are too injured to fight recklessly!
You closely miss the kobold. The kobold hits you.
You die...

#.# #### #.# ####...
#.# ...... #.# #
#.... #.# .#
#...###.# ###.
#....##.######..
#..(@K...†).##.#
#...###.###.##.#
#.........#....#
#.......<.#....##
#.=.............#
#....................
######..##...>.......
#.....#...###...
.....##...## .K


You could see a kobold.

Vanquished Creatures
  A giant gecko (D:2)
  4 hobgoblins (D:1)
  2 jackals (D:2)
  A bat (D:1)
  2 goblins
  3 kobolds
  4 rats
17 creatures vanquished.

Notes
Turn   | Place    | Note
--------------------------------------------------------------
     0 | D:1      | juanjsm the Gargoyle Earth Elementalist began the quest for the Orb.
     0 | D:1      | Reached XP level 1. HP: 10/10 MP: 3/3
   474 | D:1      | Reached XP level 2. HP: 15/15 MP: 3/5
   936 | D:2      | Reached skill level 4 in Earth Magic
   959 | D:2      | Slain by a kobold

Action                   || total
-------------------------++-------
Melee: Unarmed           ||    59
Throw: Stone             ||    16
 Cast: Sandblast         ||    31
 Stab: Sleeping          ||     1
  Eat: Chunk             ||     1
